Map: Kairos Junction LE

Players

FLORENCIO - Winner!

  • Race: Protoss Protoss
  • League: Master
  • Spawn Location: 5:00

Shalashaska

  • Race: Protoss Protoss
  • League: Diamond
  • Spawn Location: 11:00

VOD

Have the link to the VOD?

Description

Time

  • Played on: July 31, 2019, 6:03 p.m.
  • Length: 2:06
Show
View Real Time Build Order
Export as new Build Order

FLORENCIO Protoss - Winner!

Build Orders:  

Get SALT Encoding   

  12  0:07  Probe  
  13  0:19  Probe  
  14  0:27  Pylon  
  14  0:31  Probe  
  15  0:45  Probe  
  16  0:51  Forge  
  16  0:58  Probe  
  17  1:08  Pylon  
  17  1:10  Pylon  
  17  1:11  Pylon  
  17  1:26  Pylon  
  17  1:27  Photon Cannon  
  17  1:49  Assimilator  
Show
View Real Time Build Order
Export as new Build Order

Shalashaska Protoss 

Build Orders:  

Get SALT Encoding   

  12  0:01  Probe  
  13  0:14  Probe  
  14  0:25  Pylon  
  14  0:28  Probe  
  15  0:39  Probe  
  15  0:48  Probe  
  17  0:58  Probe  
  18  1:06  Forge  
  18  1:08  Pylon  
  18  1:10  Probe  
  19  1:22  Probe  
Tags
 
Add a new tag
Caveats
  • Supply blocks, unpowered buildings, or Contaminate may cause inaccurate times.
  • Supply counts are checked every 10 seconds.